 Dungeon Crawl Stone Soup version 0.29-a0-338-g1ff7896281 (webtiles) character file.

Game seed: 13069285432901839459

63 tdubbs the Insei (level 4, 0/28 HPs)
             Began as an Octopode Transmuter on Apr 17, 2022.
             Succumbed to Crazy Yiuf's poison
             ... on level 2 of the Dungeon.
             The game lasted 00:05:22 (2060 turns).

tdubbs the Insei (Octopode Transmuter)              Turns: 2060, Time: 00:05:23

Health: 0/28       AC:  1    Str:  9    XL:     4   Next: 10%
Magic:  5/7        EV: 13    Int: 17    God:
Gold:   90         SH:  0    Dex: 12    Spells: 7/8 levels left

rFire   . . .      SeeInvis .     - Unarmed
rCold   . . .      Faith    .   (no shield)
rNeg    . . .      Spirit   .   (helmet currently unavailable)
rPois   .          Reflect  .   (no amulet)
rElec   .          Harm     .   (no ring)
rCorr   .          Rampage  .   (no ring)
Will    .....                   (no ring)
Stlth   +++.......              (no ring)
HPRegen 0.09/turn               (no ring)
MPRegen 0.10/turn               (no ring)
                                (no ring)
                                (no ring)

@: lethally poisoned (0 -> -15), appendages (expiring)
A: tentacle spike 3, almost no armour, amphibious, 8 rings, camouflage 1,
gelatinous body 1, (nimble swimmer 1), tentacles
a: End Transformation


You were on level 2 of the Dungeon.
One of your tentacles had grown a beastly spike.
You visited 1 branch of the dungeon, and saw 2 of its levels.

You collected 90 gold pieces.

Inventory:

Scrolls
 c - a scroll of silence {unknown}
 d - a scroll of enchant armour {unknown}
 e - a scroll of noise {unknown}
 f - a scroll of torment {unknown}
 g - a scroll of teleportation {unknown}
 h - a scroll of identify {unknown}
 i - a scroll of blinking {unknown}
Potions
 a - a potion of lignification
 b - a potion of curing {unknown}


   Skills:
 + Level 1.2 Fighting
 + Level 2.2 Dodging
 + Level 1.4 Stealth
 + Level 3.4 Unarmed Combat
 + Level 2.6 Spellcasting
 + Level 2.7 Transmutations


You had 7 spell levels left.
You knew the following spells:

 Your Spells              Type           Power      Damage    Failure   Level
a - Beastly Appendage     Tmut           22%        N/A       6%          1

Your spell library contained the following spells:

 Spells                   Type           Power      Damage    Failure   Level
 Wereblood                Tmut           11%        N/A       9%          2
 Corpse Rot               Necr/Air       4%         N/A       28%         2
 Poisonous Vapours        Pois/Air       4%         N/A       28%         2
 Spider Form              Tmut/Pois      6%         N/A       30%         3
 Ice Form                 Ice/Tmut       6%         N/A       71%         4
 Iskenderun's Battlesphe  Conj           2%         2d6       99%         5
 Iron Shot                Conj/Erth      1%         9d1       100%        6
 Spellforged Servitor     Conj/Summ      1%         N/A       100%        7


Dungeon Overview and Level Annotations

Branches:
Dungeon (2/15)

Altars:


Innate Abilities, Weirdness & Mutations

One of your tentacles has grown a beastly spike.
You cannot wear most types of armour.
You are amphibious.
You can wear up to eight rings at the same time.
Your skin changes colour to match your surroundings (Stealth+).
Your rubbery body absorbs attacks. (AC +1, EV +1)
((You are camouflaged when in or above water. (Stealth+)))
You have tentacles for arms and can constrict up to eight enemies at once.


Message History

You open the door.
There is an open door here.
Found a mace.
Found a runed translucent door.
Crazy Yiuf shouts!
Crazy Yiuf whimpers, "Snower Xom sallow!"
There is an open door here.
There is an open door here.
Found 11 stones.
There is an open door here.
There is an open door here.
Crazy Yiuf says, "Leather disdain koolooloo!"
Casting: Beastly Appendage (safe; 6% risk of failure)
Press: ? - help, Q - select action Dir - look around, f - activate One of your tentacles grows a vicious spike.
You open the door. You tentacle-slap Crazy Yiuf. You grab Crazy Yiuf.
You squeeze Crazy Yiuf.
Crazy Yiuf is heavily wounded.
You constrict Crazy Yiuf, but do no damage.
You tentacle-slap Crazy Yiuf but do no damage.
You pierce Crazy Yiuf.
Crazy Yiuf is heavily wounded.
You constrict Crazy Yiuf.
Crazy Yiuf says, "Snurf!"
Crazy Yiuf hits you with a +4 quarterstaff of chaos!
Ouch! That really hurt!
You are lethally poisoned!
You tentacle-slap Crazy Yiuf but do no damage.
Crazy Yiuf is heavily wounded.
You constrict Crazy Yiuf.
* * * LOW HITPOINT WARNING * * *
You feel very sick. Crazy Yiuf misses you.
You tentacle-slap Crazy Yiuf.
You pierce Crazy Yiuf.
Crazy Yiuf is almost dead.
You constrict Crazy Yiuf.
You kill Crazy Yiuf!
* * * LOW HITPOINT WARNING * * *
You feel very sick.
You have reached level 4!
Your transformation is almost over.
You die...

#####
#)..#
#...#
#...#
#@#
♣.♣♣
♣♣.♣
♣.♣♣
♣♣.♣
♣♣.♣♣
♣♣.P.♣
♣.P..♣
#....#


There were no monsters in sight!

Vanquished Creatures
  Crazy Yiuf (D:2)
  2 dart slugs (D:1)
  5 ball pythons
  3 giant cockroaches (D:1)
  2 hobgoblins (D:1)
  4 jackals (D:2)
  3 kobolds
  A quokka (D:1)
  5 bats
  2 frilled lizards (D:1)
  2 rats (D:1)
30 creatures vanquished.

Vanquished Creatures (others)
  7 toadstools (D:2)
7 creatures vanquished.

Grand Total: 37 creatures vanquished

Notes
Turn   | Place    | Note
-------+----------+-------------------------------------------
     0 | D:1      | tdubbs the Octopode Transmuter began the quest for the Orb.
     0 | D:1      | Reached XP level 1. HP: 13/13 MP: 3/3
   442 | D:1      | Reached XP level 2. HP: 18/18 MP: 3/5
   992 | D:1      | Reached XP level 3. HP: 20/23 MP: 4/6
  1528 | D:2      | Reached skill level 1 in Stealth
  1975 | D:2      | Found a runed translucent door.
  1976 | D:2      | Noticed Crazy Yiuf
  2059 | D:2      | Killed Crazy Yiuf
  2060 | D:2      | Reached XP level 4. HP: 4/28 MP: 5/7
  2060 | D:2      | Succumbed to Crazy Yiuf's poison

Illustrated notes

Levels and vault maps discovered:
D:1:      sevenhm_arrival_forest_fort_small_5, layout_basic
D:2:      cheibrodos_fertilizer, layout_basic, chequers_serial_rivers_micro_e,
          uniq_crazy_yiuf_cottage

Skill      XL: |  1  2  3 |
---------------+----------+-----
Stealth        | 1 |  1.4
Fighting       | |  1.2
Dodging        | |  2.2
Unarmed Combat | |  3.4
Spellcasting   | |  2.6
Transmutations | |  2.7

Action                   |  1- 3 |  4- 6 || total
-------------------------+-------+-------++-------
Melee: Unarmed           |    56 |       ||    56
       Constrict         |    18 |       ||    18
       Tentacles         |    13 |       ||    13
       Kick              |    16 |       ||    16
 Cast: Beastly Appendage |    22 |       ||    22
 Stab: Sleeping          |     5 |       ||     5
Armor: Skin              |    10 |       ||    10
Dodge: Dodged            |    65 |       ||    65

Table legend: (Time is in decaauts)
 A = Elapsed time spent in this place.
 B = Non-inter-level travel time spent in this place.
 C = Inter-level travel time spent in this place.
 D = Time resting spent in this place.
 E = Time spent auto-exploring this place.
 F = Levels seen in this place.
 G = Mean time per level.
                   A        B        C        D        E       F      G
               +--------+--------+--------+--------+--------+-----+--------+
         Total |   2058 |   1931 |    127 |    333 |   1366 |   2 | 1029.0 |
       Dungeon |   2058 |   1931 |    127 |    333 |   1366 |   2 | 1029.0 |
               +--------+--------+--------+--------+--------+-----+--------+

Top non-repeatable levels by time:
     D:1: 1497 daAuts
     D:2: 561 daAuts
